 Seeded DCSS version 0.29.1-15-g9cfb28693d (webtiles) character file.

Game seed: 8848703615492432762 (custom seed)

557 bmack86 the Chopper (level 7, -8/61 HPs)
             Began as a Minotaur Fighter on Mar 2, 2023.
             Was an Initiate of Okawaru.
             Mangled by an ogre
             ... wielding a +0 giant spiked club
              (30 damage)
             ... on level 5 of the Dungeon.
             The game lasted 00:13:29 (3607 turns).

bmack86 the Chopper (Minotaur Fighter)              Turns: 3607, Time: 00:13:30

Health: -8/61      AC: 10    Str: 29    XL:     7   Next: 9%
Magic:  6/6        EV:  8    Int:  5    God:    Okawaru [......]
Gold:   204        SH:  4    Dex:  9    Spells: 6/6 levels left

rFire   . . .      SeeInvis .   a - +1 war axe
rCold   . . .      Faith    .   c - +0 buckler
rNeg    . . .      Spirit   .   i - +1 chain mail
rPois   .          Reflect  .   (helmet restricted)
rElec   .          Harm     .   (no cloak)
rCorr   .          Rampage  .   (no gloves)
Will    .....                   (no boots)
Stlth   ..........              (no amulet)
HPRegen 0.20/turn               k - +6 ring of strength
MPRegen 0.10/turn               (no ring)

@: mighty
A: horns 2, retaliatory headbutt
a: Renounce Religion


You were on level 5 of the Dungeon.
You worshipped Okawaru.
Okawaru was noncommittal.
You visited 2 branches of the dungeon, and saw 6 of its levels.

You collected 264 gold pieces.
You spent 60 gold pieces at shops.

Inventory:

Hand Weapons
 a - a +1 war axe (weapon)
Missiles
 e - 4 poisoned darts
 l - 5 silver boomerangs (quivered)
 r - 5 javelins
Armour
 b - a +0 scale mail
 c - a +0 buckler (worn)
 i - a +1 chain mail (worn)
Jewellery
 k - a +6 ring of strength (left hand)
Scrolls
 f - 2 scrolls of teleportation
 p - a scroll of enchant armour
Potions
 d - 2 potions of might
 g - a potion of berserk rage
 h - a potion of cancellation {unknown}
 j - 2 potions of brilliance
 m - 2 potions of experience {unknown}
 n - a potion of curing
 o - 3 potions of heal wounds


   Skills:
 + Level 5.2 Fighting
 * Level 5.7 Axes
 + Level 2.5 Throwing
 + Level 5.0 Armour
 + Level 5.1 Shields
 + Level 1.0 Invocations


You had 6 spell levels left.
You didn't know any spells.
Your spell library contained the following spells:

 Spells                   Type           Power      Damage    Failure   Level
 Blink                    Tloc           0%         N/A       99%         2
 Scorch                   Fire           0%         2d5       99%         2
 Static Discharge         Conj/Air       0%         3-3/arc   99%         2
 Sublimation of Blood     Necr           0%         N/A       99%         2
 Inner Flame              Hex/Fire       0%         N/A       100%        3
 Lesser Beckoning         Tloc           0%         N/A       100%        3
 Anguish                  Hex/Necr       0%         N/A       100%        4
 Cause Fear               Hex            0%         N/A       100%        4
 Dispel Undead            Necr           0%         3d6       100%        4
 Flame Wave               Conj/Fire      0%         2d4       100%        4
 Sticky Flame             Conj/Fire      0%         2d3       100%        4
 Manifold Assault         Tloc           0%         N/A       100%        5
 Borgnjor's Revivificati  Necr           0%         N/A       100%        8
 Discord                  Hex            0%         N/A       100%        8
 Animate Dead             Necr           Unusable   N/A       N/A         4
 Summon Cactus Giant      Summ           Unusable   N/A       N/A         6

Dungeon Overview and Level Annotations

Branches:
Dungeon (5/15)             Temple (1/1) D:4

Altars:
Gozag
Hepliaklqana
Kikubaaqudgha
Okawaru
Xom
Yredelemnul

Shops:
D:4 !

Annotations:
D:5 Grinder


Innate Abilities, Weirdness & Mutations

You have a pair of horns on your head.
You reflexively headbutt those who attack you in melee.


Message History

Grinder gestures at you. Pain shoots through your body!
A hound comes into view.
Grinder barely misses you. Grinder hits you.
You feel very mighty all of a sudden.
The water moccasin bites you but does no damage.
Grinder blinks!
The water moccasin barely misses you.
The ogre hits you with a +0 giant spiked club!!
The water moccasin barely misses you. The water moccasin bites you.
You are poisoned.
The water moccasin poisons you!
You closely miss the water moccasin. You slash the ogre! You slash Grinder!
* * * LOW HITPOINT WARNING * * *
You feel very sick. You block the water moccasin's attack.
The ogre barely misses you.
Grinder blinks!
You barely miss the water moccasin.
Your headbutt misses the water moccasin.
You slash the ogre!
* * * LOW HITPOINT WARNING * * *
You feel very sick.
The water moccasin bites you but does no damage. x2
The ogre hits you but does no damage.
You slice the water moccasin!! You headbutt the water moccasin!
You kill the water moccasin!
Okawaru accepts your kill.
You slash the ogre!
You feel very sick.
Grinder says, "There's only one good use for a tongue: cutting it out."
You block the ogre's attack.
Your Armour skill increases to level 5!
Your Invocations skill increases to level 1!
You have reached level 7!
You feel better. Grinder gestures at you.
You struggle to resist.
The ogre hits you with a +0 giant spiked club!!
You die...

...........# ##......h
...###.....####..........
..#####.....##...........
.....##..................
.........................
##................5......
######..................
##....#..†.......<#
#...###..@.....# ##...#
###O...### #...## #...##
#...# ##.## #..## ###
##..# #...# ##..##
###...#


You could see Grinder and an ogre.

Vanquished Creatures
  A water moccasin (D:5)
  A black bear (D:3)
  A howler monkey (D:4)
  2 hounds (D:4)
  Natasha (twice) (D:2)
  An iguana (D:4)
  An orc wizard (D:3)
  5 adders
  4 worms
  3 dart slugs
  9 orcs
  8 ball pythons
  7 endoplasms
  3 giant cockroaches
  8 goblins
  8 hobgoblins
  4 jackals
  8 kobolds
  3 quokkas
  6 bats
  3 frilled lizards
  7 rats
95 creatures vanquished.

Notes
Turn   | Place    | Note
-------+----------+-------------------------------------------
     0 | D:1      | bmack86 the Minotaur Fighter began the quest for the Orb.
     0 | D:1      | Reached XP level 1. HP: 19/19 MP: 0/0
   178 | D:1      | Reached XP level 2. HP: 24/27 MP: 1/1
   218 | D:1      | You fall into a shaft and drop 1 floor!
   473 | D:2      | Reached XP level 3. HP: 27/33 MP: 2/2
   961 | D:1      | Reached skill level 1 in Throwing
  1107 | D:2      | Reached XP level 4. HP: 38/40 MP: 3/3
  1113 | D:2      | Got the Catalogue of Evil and the Blaze
  1479 | D:2      | Noticed Natasha
  1487 | D:2      | Killed Natasha
  1676 | D:2      | Noticed Natasha
  1679 | D:2      | Killed Natasha
  1680 | D:2      | Reached XP level 5. HP: 47/47 MP: 4/4
  1761 | D:3      | Noticed a black bear
  1790 | D:3      | Killed a black bear
  1791 | D:3      | Reached XP level 6. HP: 11/53 MP: 5/5
  1794 | D:3      | Reached skill level 5 in Axes
  2804 | D:4      | Found a staircase to the Ecumenical Temple.
  2824 | Temple   | Entered the Ecumenical Temple
  2860 | Temple   | Became a worshipper of Warmaster Okawaru
  2987 | D:4      | Reached skill level 5 in Fighting
  3000 | D:4      | Found a hazy altar of Hepliaklqana.
  3002 | D:4      | Found a shimmering altar of Xom.
  3003 | D:4      | Noticed a spectral ugly thing
  3053 | D:4      | Reached skill level 5 in Shields
  3286 | D:4      | Found Sohani Liatt's Distillery.
  3308 | D:4      | Bought a potion of heal wounds for 60 gold pieces
  3555 | D:5      | Entered Level 5 of the Dungeon
  3592 | D:5      | Noticed Grinder
  3592 | D:5      | Noticed a water moccasin
  3605 | D:5      | Killed a water moccasin
  3606 | D:5      | Reached skill level 5 in Armour
  3606 | D:5      | Reached skill level 1 in Invocations
  3606 | D:5      | Reached XP level 7. HP: 11/61 MP: 6/6
  3607 | D:5      | Mangled by an ogre

Illustrated notes

Levels and vault maps discovered:
D:1:      minmay_arrival_widening_spiral_wide, layout_basic
D:2:      layout_loops_ring, kennysheep_nondescript, uniq_natasha
D:3:      layout_basic, hangedman_decor_lopped, kennysheep_generic_room_9
D:4:      layout_basic, regret_index_temple_of_mockery,
          minmay_temple_entry_junction_2, serial_shops, nicolae_shop_stone
D:5:      layout_layer_cave, gammafunk_ghost_split, minmay_hedge_maze,
          uniq_edmund, uniq_eustachio, uniq_grinder
Temple:   nicolae_temple_superstar

Skill      XL: |  1  2  3  4  5  6 |
---------------+-------------------+-----
Axes           | 3 4 5 |  5.7
Fighting       | 4 5 |  5.2
Shields        | 4 5 |  5.1
Armour         | 4 5 |  5.0
Throwing       | 1 2 |  2.5
Invocations    | 1 |  1.0

Action                   |  1- 3 |  4- 6 |  7- 9 || total
-------------------------+-------+-------+-------++-------
Melee: War axe           |    73 |   127 |       ||   200
       Headbutt          |    12 |    25 |       ||    37
  Use: Scroll            |     2 |     7 |       ||     9
       Potion            |       |     1 |     1 ||     2
Armor: Scale mail        |     5 |       |       ||     5
       Chain mail        |    49 |    90 |       ||   139
Dodge: Dodged            |    34 |    57 |       ||    91
Block: Buckler           |    22 |    27 |       ||    49
